 Dungeon Crawl Stone Soup version 0.23.1 (webtiles) character file.

Game seed: 0

361 Descartes the Slasher (level 6, -1/32 HPs)
             Began as a Vine Stalker Warper on Mar 10, 2019.
             Was an Initiate of Dithmenos.
             Shot with an arrow by a centaur (3 damage)
             ... on level 4 of the Dungeon.
             The game lasted 00:16:19 (3590 turns).

Descartes the Slasher (Vine Stalker Warper)         Turns: 3590, Time: 00:16:20

Health: -1/32      AC:  4    Str: 14    XL:     6   Next: 66%
Magic:  0/20       EV: 12    Int: 14    God:    Dithmenos [......]
Gold:   186        SH:  0    Dex: 14    Spells: 9/11 levels left

rFire    x . .     SeeInvis .   C - -1 falchion (curse)
rCold    + . .     Gourm    .   (no shield)
rNeg     . . .     Faith    .   i - +0 leather armour
rPois    .         Spirit   +   (no helmet)
rElec    .         Reflect  .   (no cloak)
rCorr    .         Harm     .   z - +0 pair of gloves
MR       .....                  (no boots)
Stlth    ++........             (no amulet)
HPRegen  0.50/turn              t - ring of magical power
MPRegen  0.17/turn              w - ring of ice

@: no status effects
A: fangs 2, regeneration 1, magic shield, antimagic bite, no potion heal 3, rot
immunity
a: Renounce Religion


You were on level 4 of the Dungeon.
You worshipped Dithmenos.
Dithmenos was noncommittal.
You were not hungry.

You visited 1 branch of the dungeon, and saw 4 of its levels.

You collected 186 gold pieces.

Inventory:

Hand Weapons
 a - a +1 dagger of electrocution
 b - a +1 hunting sling of velocity
 c - a +0 falchion
 y - a +0 rapier
 C - a cursed -1 falchion (weapon)
 D - a +2 falchion of holy wrath
Missiles
 e - 5 tomahawks of dispersal (quivered)
 g - 74 arrows
 h - 83 stones
 x - 36 sling bullets
Armour
 i - a +0 leather armour (worn)
 j - a +0 chain mail
 z - a +0 pair of gloves (worn)
Jewellery
 t - a ring of magical power (left hand)
 w - a ring of ice (right hand)
Scrolls
 d - a scroll of blinking
 k - 2 scrolls of enchant armour {unknown}
 n - a scroll of teleportation {unknown}
 r - a scroll of immolation {unknown}
 u - a scroll of enchant weapon {unknown}
 E - a scroll of identify {unknown}
Potions
 l - a potion of heal wounds {unknown}
 m - 6 potions of degeneration {unknown}
 o - a potion of might {unknown}
 p - a potion of agility {unknown}
 q - 2 potions of curing {unknown}
 s - a potion of haste {unknown}
 v - 2 potions of mutation {unknown}
 A - 2 potions of brilliance {unknown}
Comestibles
 f - 8 rations
 B - 12 chunks of flesh


   Skills:
 + Level 2.7 Fighting
 * Level 3.6 Long Blades
 - Level 0.8 Throwing
 - Level 0.7 Armour
 + Level 2.3 Dodging
 + Level 2.2 Stealth
 * Level 3.0 Unarmed Combat
 + Level 3.1 Spellcasting
 - Level 3.0 Translocations


You had 9 spell levels left.
You knew the following spells:

 Your Spells              Type           Power        Failure   Level  Hunger
a - Blink                 Tloc           N/A          12%         2    ##.....

Your spell library contained the following spells:

 Spells                   Type           Power        Failure   Level  Hunger
 Shroud of Golubria       Chrm/Tloc      #.........   22%         2    ##.....
 Gell's Gravitas          Tloc           ##........   24%         3    ###....
 Lesser Beckoning         Tloc           ##........   24%         3    ###....
 Teleport Other           Tloc           ##......     24%         3    ###....
 Animate Skeleton         Necr           N/A          26%         1    #......
 Pain                     Necr           #...         26%         1    #......
 Passage of Golubria      Tloc           N/A          61%         4    #####..
 Regeneration             Chrm/Necr      #.........   63%         3    ###....
 Vampiric Draining        Necr           #.........   63%         3    ###....
 Animate Dead             Necr           N/A          95%         4    #####..


Dungeon Overview and Level Annotations

Branches:
Dungeon (4/15)
 Temple: D:4-7

Altars:
Ashenzari
Cheibriados
Dithmenos
Elyvilon
Gozag
Yredelemnul
Zin


Innate Abilities, Weirdness & Mutations

You have extremely sharp teeth.
Your natural rate of healing is unusually fast.
When hurt, damage is shared between your health and your magic reserves.
Your bite disrupts and absorbs the magic of your enemies.
Potions cannot restore your health.
You are immune to rotting.


Message History

Found a hunting sling.
There is an open door here.
You can't unwield your weapon to draw a new one!
There is an open door here.
The centaur unwields a +1 whip of venom.
It stops dripping with poison.
The centaur wields a +0 shortbow.
The centaur shoots an arrow.
The arrow closely misses you.
The centaur shoots an arrow.
The arrow hits you!
You see here an arrow.
The centaur shoots an arrow.
The arrow hits you but does no damage.
The centaur shoots an arrow.
The arrow hits you!
The centaur shoots an arrow.
The arrow hits you.
You see here 2 arrows.
The centaur shoots an arrow.
The arrow closely misses you.
The centaur shoots an arrow.
The arrow hits you!
* * * LOW HITPOINT WARNING * * *
The centaur shoots an arrow.
The arrow hits you!
* * * LOW HITPOINT WARNING * * *
The centaur shoots an arrow.
The arrow hits you.
You die...

#############
#########..(........#
...........#...........#
..o.......)#@.....รท....#
..o........#..(........######
...........c(................
...........#(........).######
.....?.....############# ##
.......############## #.
.......o......o.....########.
.......############........#.
....... #.............


You could see a centaur.

Vanquished Creatures
  A phantom (D:4)
  Blork the orc (D:4)
  An orc wizard (D:4)
  An orc priest (D:4)
  A worker ant (D:4)
  5 adders
  3 worms
  3 leopard geckos
  4 orcs
  A ball python (D:4)
  A giant cockroach (D:1)
  2 gnoll zombies (D:3)
  7 goblins
  2 hobgoblins
  6 jackals
  7 kobolds
  2 quokkas
  10 bats
  2 frilled lizards
  7 rats
67 creatures vanquished.

Notes
Turn   | Place    | Note
-------+----------+-------------------------------------------
     0 | D:1      | Descartes the Vine Stalker Warper began the quest for the
                  | Orb.
     0 | D:1      | Reached XP level 1. HP: 11/11 MP: 4/4
   244 | D:1      | Reached XP level 2. HP: 14/15 MP: 6/6
   471 | D:1      | Reached skill level 1 in Unarmed Combat
   586 | D:1      | Reached XP level 3. HP: 17/18 MP: 5/7
   945 | D:2      | Found a faded altar of an unknown god.
  2099 | D:3      | Found a shattered altar of Ashenzari.
  2290 | D:3      | Gained mutation: Your natural rate of healing is unusually
                  | fast. [Vine Stalker growth]
  2290 | D:3      | Reached XP level 4. HP: 23/23 MP: 8/8
  2415 | D:3      | Found a basalt altar of Yredelemnul.
  2547 | D:3      | Found a shadowy altar of Dithmenos.
  2552 | D:3      | Became a worshipper of Dithmenos the Shadowed
  2556 | D:3      | Learned a level 2 spell: Blink
  2689 | D:3      | Found a glowing silver altar of Zin.
  2689 | D:3      | Found a snail-covered altar of Cheibriados.
  2986 | D:4      | Noticed a phantom
  2993 | D:4      | Killed a phantom
  2993 | D:4      | Reached skill level 1 in Stealth
  2993 | D:4      | Reached XP level 5. HP: 27/27 MP: 10/10
  3020 | D:4      | Noticed Blork the orc
  3028 | D:4      | Killed Blork the orc
  3028 | D:4      | Reached XP level 6. HP: 28/32 MP: 11/11
  3202 | D:4      | Found an opulent altar of Gozag.
  3206 | D:4      | Found a white marble altar of Elyvilon.
  3590 | D:4      | Shot with an arrow by a centaur

Skill      XL: |  1  2  3  4  5  6 |
---------------+-------------------+-----
Long Blades    | 2 3 |  3.6
Unarmed Combat | 1 2 3 |  3.0
Fighting       | 2 |  2.7
Dodging        | 2 |  2.3
Stealth        | 1 2 |  2.2
Spellcasting   | 3 |  3.1
Throwing       | |  0.8
Armour         | |  0.7
Translocations | |  3.0

Action                   |  1- 3 |  4- 6 || total
-------------------------+-------+-------++-------
Melee: Falchion          |    45 |    48 ||    93
       Bite              |    14 |    20 ||    34
       Dagger            |     6 |    13 ||    19
       Punch             |       |     1 ||     1
 Fire: Hunting sling     |    59 |    33 ||    92
  Use: Scroll            |     2 |       ||     2
 Stab: Sleeping          |       |     1 ||     1
  Eat: Chunk             |     4 |     4 ||     8
Armor: Leather armour    |    17 |    14 ||    31
Dodge: Dodged            |    44 |    34 ||    78
       Rpst.: Falchion   |     9 |     7 ||    16
